 Dungeon Crawl Stone Soup version 0.31-a0-202-g547052bce9 (webtiles) character file.

Game seed: 1258923265234161223

1158 qw the Skirmisher (level 8, 0/44 HPs)
             Began as a Deep Elf Hunter on June 26, 2023.
             Was a Follower of Okawaru.
             Slain by a hound (1 damage)
             ... on level 6 of the Dungeon.
             The game lasted 00:01:37 (4180 turns).

qw the Skirmisher (Deep Elf Hunter)                 Turns: 4180, Time: 00:01:37

Health: 0/44       AC: 10    Str: 10    XL:     8   Next: 16%
Magic:  11/13      EV: 14    Int: 15    God:    Okawaru [*.....]
Gold:   141        SH:  0    Dex: 18    Spells: 7/7 levels left

rFire   . . .        Y - +3 shortbow
rCold   . . .        (shield currently unavailable)
rNeg    . . .        c - +0 ring mail
rPois   .            n - +0 helmet
rElec   .            o - +0 cloak
rCorr   .            j - +0 pair of gloves
SInv    .            (no boots)
Will    .....        (no amulet)
Stlth   +++          (no ring)
HPRegen 0.27/turn    (no ring)
MPRegen 0.13/turn

%: no passive effects
@: about to teleport, heroic
A: no striking features
a: Renounce Religion, Heroism


You were on level 6 of the Dungeon.
You worshipped Okawaru.
Okawaru was aware of your devotion.
You visited 2 branches of the dungeon, and saw 7 of its levels.

You collected 350 gold pieces.
You spent 209 gold pieces at shops.


   Skills:
 + Level 2.3(7.3) Fighting
 - Level 12.0(17.0) Ranged Weapons
 - Level 1.0(6.0) Armour
 - Level 3.0(8.0) Dodging
 - Level 1.2(6.2) Stealth
 - Level 4.0 Invocations


You had 7 spell levels left.
You didn't know any spells.
Your spell library was empty.

Inventory:

Hand Weapons
 Y - a +3 shortbow (weapon)
Armour
 c - a +0 ring mail (worn)
 f - a +2 robe of fire resistance
 j - a +0 pair of gloves (worn)
 n - a +0 helmet (worn)
 o - a +0 cloak (worn)
Wands
 h - a wand of digging (2)
Scrolls
 a - 3 scrolls of teleportation
 l - a scroll of identify
Potions
 b - a potion of degeneration {unknown}
 d - 3 potions of curing
 e - a potion of lignification {unknown}
 g - a potion of enlightenment
 i - 2 potions of cancellation
 k - a potion of might {unknown}
 m - a potion of brilliance {unknown}
 q - a potion of ambrosia {unknown}

Dungeon Overview and Level Annotations

Branches:
Dungeon (6/15)             Temple (1/1) D:4

Altars:
Ashenzari
Dithmenos
Elyvilon
Fedhas
Gozag
Kikubaaqudgha
Makhleb
Okawaru
Qazlal
Ru
Uskayaw
Yredelemnul
The Shining One

Shops:
D:3 !

Annotations:
D:3 2 runed translucent doors, qw's ghost, amateur DEHu


Message History

You shoot an arrow. The arrow closely misses the hound.
The hound bites you but does no damage.
You shoot an arrow. The arrow hits the hound!
You kill the hound!
Okawaru accepts your kill.
A hound, an orc priest and an orc come into view.
The orc priest moves out of view.
Things that are here:
a +0 flail; a +0 scale mail; an orc corpse You shoot an arrow.
The arrow hits the orc but does no damage.
The hound barks!
4174 ||| INVOKING Heroism.
You gain the combat prowess of a mighty hero.
The orc hits you with a +0 war axe.
You shoot an arrow. The arrow hits the orc.
The orc is moderately wounded.
You hear a shout!
An orc comes into view. It is wielding a +0 war axe.
The orc priest calls down the wrath of Beogh upon you.
Beogh smites you!
You shoot an arrow. The arrow hits the orc!
You kill the orc!
Okawaru accepts your kill.
The orc priest calls down the wrath of Beogh upon you.
Beogh smites you!
4177 ||| READING 4 scrolls of teleportation.
As you read the scroll of teleportation, it crumbles to dust.
You feel strangely unstable. The hound bites you.
You shoot an arrow. The arrow barely misses the orc priest.
The hound bites you but does no damage. The orc priest barely misses you.
You shoot an arrow. The arrow barely misses the orc priest.
The hound closely misses you.
The orc priest calls down the wrath of Beogh upon you.
Beogh smites you!
You shoot an arrow. The arrow hits the orc priest!
The orc priest is severely wounded.
The hound closely misses you. The hound bites you.
You die...

#..........#
#.#.#.#.#.#..#
..#..........#
#...#.#.#.#..#
#...........#
#..#.#.#.#..#
#.....hoo...#
..#.@#
#.#.###.#.#
#.#........
####%#.###.#.#
#......)>#
####.#.#.###.###
....%..<.......
###.##..###.###
#.......


You could see a hound, an orc priest and an orc.

Vanquished Creatures
  Sigmund (D:3)
  An ice beast (D:5)
  An ogre (D:5)
  2 phantoms (D:5)
  2 scorpions (D:5)
  2 hounds (D:6)
  3 iguanas
  A jelly (D:5)
  Ijyb (D:3)
  2 orc wizards (D:4)
  Natasha (thrice) (D:3)
  A scorpion zombie (D:2)
  Robin (D:3)
  4 gnolls (D:5)
  7 adders
  3 worms
  2 dart slugs
  8 orcs
  6 ball pythons
  3 bats
  3 endoplasms
  3 giant cockroaches
  14 goblins
  12 hobgoblins
  6 quokkas
  A ball python zombie (D:2)
  5 frilled lizards
  A giant cockroach zombie (D:2)
  A jackal skeleton (D:2)
  5 kobolds
  A quokka zombie (D:2)
  2 rats
108 creatures vanquished.

Notes
Turn   | Place    | Note
-------+----------+-------------------------------------------
     0 | D:1      | qw the Deep Elf Hunter began the quest for the Orb.
     0 | D:1      | Reached XP level 1. HP: 12/12 MP: 3/3
     0 | D:1      | 0 ||| qw: Version: 0.3-a-22-g0ed2b0b
     0 | D:1      | 0 ||| qw: Game counter: 6104
     0 | D:1      | 0 ||| qw: Melee chars always use a shield: true
     0 | D:1      | 0 ||| qw: God list: Okawaru
     0 | D:1      | 0 ||| qw: Allow faded altars: false
     0 | D:1      | 0 ||| qw: Do Orc after clearing Dungeon:15 true
     0 | D:1      | 0 ||| qw: Do second Lair branch before Depths: true
     0 | D:1      | 0 ||| qw: Lair rune preference: random
     0 | D:1      | 0 ||| qw: Goals: Normal
     0 | D:1      | 0 ||| PLANNING D:1-11
   162 | D:1      | Reached skill level 6 in Ranged Weapons
   162 | D:1      | Reached XP level 2. HP: 16/16 MP: 4/4
   665 | D:1      | 665 ||| READING scroll labelled GONGIT ZICAHI.
   666 | D:1      | 666 ||| DRINKING 3 amethyst potions.
   667 | D:1      | 667 ||| DROPPING scroll of butterflies.
   726 | D:2      | Found a faded altar of an unknown god.
   762 | D:2      | Reached XP level 3. HP: 20/20 MP: 5/5
   902 | D:2      | HP: 4/20 [worm (11)]
  1070 | D:2      | Reached skill level 7 in Ranged Weapons
  1199 | D:2      | Reached XP level 4. HP: 17/25 MP: 6/6
  1313 | D:2      | You fall into a shaft and drop 2 floors!
  1315 | D:4      | Found a staircase to the Ecumenical Temple.
  1316 | D:4      | 1316 ||| PLANNING TEMPLE
  1316 | D:4      | 1316 ||| UPGRADING to +0 pair of gloves.
  1321 | D:4      | 1321 ||| READING 2 scrolls labelled LADUEME RAIPN.
  1420 | D:4      | Reached skill level 8 in Ranged Weapons
  1425 | D:4      | Reached XP level 5. HP: 29/29 MP: 7/7
  1425 | D:4      | 1425 ||| UPGRADING to +0 scale mail.
  1435 | D:4      | 1435 ||| DROPPING +0 leather armour.
  1478 | D:4      | 1478 ||| UPGRADING to +0 ring mail.
  1488 | D:4      | 1488 ||| DROPPING +0 scale mail.
  1799 | D:4      | 1799 ||| READING scroll labelled CIURUWUCSO.
  1800 | D:4      | 1800 ||| READING 3 scrolls labelled PAFATIZ SUTOZIBYPT.
  1801 | D:4      | 1801 ||| READING 2 scrolls of enchant weapon.
  1801 | D:4      | 1801 ||| ENCHANTING +1 shortbow.
  1802 | D:4      | 1802 ||| READING scroll of enchant weapon.
  1802 | D:4      | 1802 ||| ENCHANTING +2 shortbow.
  1803 | D:4      | 1803 ||| READING scroll labelled DIUXEN SAKKEXT.
  1804 | D:4      | 1804 ||| READING scroll labelled YTESEOLLAK.
  1805 | D:4      | 1805 ||| DRINKING 2 red potions.
  1874 | Temple   | Entered the Ecumenical Temple
  1892 | Temple   | 1892 ||| PLANNING OKAWARU WORSHIP
  1921 | Temple   | Became a worshipper of Warmaster Okawaru
  1922 | Temple   | 1922 ||| PLANNING D:1-11
  2102 | D:2      | 2102 ||| READING scroll labelled LESUVV NORGH.
  2197 | D:3      | Noticed Sigmund
  2205 | D:3      | Killed Sigmund
  2206 | D:3      | Reached skill level 10 in Ranged Weapons
  2206 | D:3      | Reached XP level 6. HP: 34/34 MP: 8/8
  2215 | D:3      | Found Tompeutoor's Distillery.
  2222 | D:3      | 2222 ||| BUYING potion of cancellation (88 gold).
  2222 | D:3      | Bought a potion of cancellation for 88 gold pieces
  2222 | D:3      | 2222 ||| BUYING potion of cancellation (88 gold).
  2222 | D:3      | Bought a potion of cancellation for 88 gold pieces
  2222 | D:3      | 2222 ||| BUYING potion of curing (33 gold).
  2222 | D:3      | Bought a potion of curing for 33 gold pieces
  2222 | D:3      | 2222 ||| SHOPLISTING potion of heal wounds (55 gold, have
                  | 42).
  2222 | D:3      | 2222 ||| SHOPLISTING potion of mutation (88 gold, have 42).
  2329 | D:3      | Found a large runed translucent door.
  2329 | D:3      | Found a large runed translucent door.
  2338 | D:3      | Noticed qw's ghost (amateur DEHu)
  2493 | D:3      | Noticed Robin
  2496 | D:3      | Killed Robin
  2497 | D:3      | Reached skill level 3 in Dodging
  2525 | D:3      | Noticed Ijyb
  2539 | D:3      | Killed Ijyb
  2662 | D:3      | Noticed Natasha
  2665 | D:3      | Reached skill level 1 in Armour
  2669 | D:3      | Killed Natasha
  2755 | D:3      | Noticed Natasha
  2763 | D:3      | Killed Natasha
  3078 | D:3      | Noticed Natasha
  3080 | D:3      | 3080 ||| FLEEEEING.
  3081 | D:3      | 3081 ||| FLEEEEING.
  3085 | D:3      | 3085 ||| FLEEEEING.
  3086 | D:3      | 3086 ||| FLEEEEING.
  3087 | D:3      | 3087 ||| FLEEEEING.
  3088 | D:3      | 3088 ||| FLEEEEING.
  3093 | D:3      | Killed Natasha
  3094 | D:3      | Reached XP level 7. HP: 33/40 MP: 9/9
  3205 | D:3      | 3205 ||| UPGRADING to +0 helmet.
  3394 | D:5      | Entered Level 5 of the Dungeon
  3416 | D:5      | Reached * piety under Okawaru
  3426 | D:5      | HP: 10/40 [poisoned by a scorpion]
  3545 | D:5      | Reached skill level 11 in Ranged Weapons
  3557 | D:5      | Reached skill level 1 in Invocations
  3559 | D:5      | 3559 ||| INVOKING Heroism.
  3653 | D:5      | Reached skill level 3 in Invocations
  3715 | D:5      | Reached XP level 8. HP: 44/44 MP: 12/12
  3768 | D:5      | 3768 ||| INVOKING Heroism.
  3940 | D:5      | Found an opulent altar of Gozag.
  4025 | D:5      | Found a white marble altar of Elyvilon.
  4132 | D:5      | 4132 ||| UPGRADING to +0 cloak.
  4137 | D:5      | 4137 ||| READING scroll labelled NOBBOA WUASUYN.
  4147 | D:6      | Reached skill level 12 in Ranged Weapons
  4147 | D:6      | 4147 ||| STAIRDANCE
  4174 | D:6      | 4174 ||| INVOKING Heroism.
  4176 | D:6      | HP: 11/44 [orc priest/divine providence (14)]
  4177 | D:6      | 4177 ||| READING 4 scrolls of teleportation.
  4179 | D:6      | HP: 1/44 [orc priest/divine providence (10)]
  4180 | D:6      | Slain by a hound

Levels and vault maps discovered:
D:1:      noname_arrival_rooms_in_the_neighbourhood, layout_basic
D:2:      minmay_evil_eye, layout_rooms, basic_ecumenical_altar, serial_undead,
          serial_undead_f, serial_undead_c, serial_undead_f, serial_undead_e,
          serial_undead_e
D:3:      layout_basic, ebering_ghost_disaster_area, serial_shops, shop,
          hangedman_decor_push, uniq_sigmund, uniq_natasha, uniq_robin,
          uniq_ijyb
D:4:      layout_basic, minmay_temple_entry_glass
D:5:      layout_cave_pools, elyvilon_altar_1, lemuel_tele_altar
D:6:      layout_basic, nicolae_wu_jian_wuxing_cycle, zin_statuary,
          serial_co_window_serial, co_window_paths_a, co_window_cross_1,
          co_window_corner_a, co_window_corner_a, co_window_paths_a,
          co_window_corner_a, co_window_cross_1, co_window_cross_1,
          co_window_paths_b, co_window_of_opportunity_c,
          co_window_of_opportunity_b, co_window_of_opportunity_b,
          co_window_4corner_a, co_window_4corner_b, glass_columns_b,
          glass_columns_b, glass_columns_b, glass_columns_c,
          amcnicky_mini_pool_medium, uniq_crazy_yiuf_cottage, uniq_edmund,
          uniq_duvessa
Temple:   hellmonk_temple_of_storms

Skill      XL: |  1  2  3  4  5  6  7  8 |
---------------+-------------------------+-----
Ranged Weapons | 6 7 8 10 11 12 | 12.0
Fighting       | 2 |  2.3
Dodging        | 3 |  3.0
Armour         | 1 |  1.0
Invocations    | 3 4 |  4.0
Stealth        | |  1.2

Action                     |  1- 3 |  4- 6 |  7- 9 || total
---------------------------+-------+-------+-------++-------
   Fire: Shortbow          |   111 |   171 |    70 ||   352
 Invoke: Heroism           |       |       |     3 ||     3
    Use: Scroll            |     1 |     8 |     2 ||    11
         Potion            |     1 |     1 |       ||     2
 Armour: Leather armour    |     6 |       |       ||     6
         Ring mail         |       |     8 |     7 ||    15
  Dodge: Dodged            |    30 |    18 |    10 ||    58

Table legend:
 A = Non-vault XP
 B = Vault XP
 C = Vault XP percentage of total XP
 D = Non-vault monster count
 E = Vault monster count
 F = Vault count percentage of total count
                 A         B        C        D         E       F
            +---------+---------+-------+---------+---------+-------
      Total |    1272 |     383 |  23.1 |      87 |      21 |  19.4
            +---------+---------+-------+---------+---------+-------
        D:1 |      33 |       0 |   0.0 |      16 |       0 |   0.0
        D:2 |      42 |      54 |  56.2 |      15 |       8 |  34.8
        D:3 |     166 |     329 |  66.5 |      28 |      13 |  31.7
        D:4 |     141 |       0 |   0.0 |      11 |       0 |   0.0
        D:5 |     798 |       0 |   0.0 |      13 |       0 |   0.0
        D:6 |      92 |       0 |   0.0 |       4 |       0 |   0.0
            +---------+---------+-------+---------+---------+-------
